 Dungeon Crawl Stone Soup version 0.29-a0-378-gc08b2e8bf8 (webtiles) character file.

Game seed: 7798351736588677223

98 Bruhh the Magician (level 5, -4/35 HPs)
             Began as a Djinni Fire Elementalist on May 5, 2022.
             Slain by an iguana (13 damage)
             ... on level 4 of the Dungeon.
             The game lasted 00:04:31 (4641 turns).

Bruhh the Magician (Djinni Fire Elementalist)       Turns: 4641, Time: 00:04:32

Health: -4/35      AC:  2    Str:  7    XL:     5   Next: 0%
Gold:   131        EV: 12    Int: 19    God:
                   SH:  0    Dex: 13

rFire   + + .      SeeInvis .   (no weapon)
rCold   x . .      Faith    .   (no shield)
rNeg    . . .      Spirit   .   a - +0 robe
rPois   ∞          Reflect  .   (no helmet)
rElec   .          Harm     .   (no cloak)
rCorr   .          Rampage  .   (no gloves)
Will    .....                   (boots unavailable)
Stlth   ++........              (no amulet)
HPRegen 0.11/turn               (no ring)
MPRegen 0.00/turn               (no ring)

@: flying
A: sickness immunity, fire resistance 2, cold vulnerability 1, float, innate
caster, HP casting, extra vitality 1
a: no special abilities


You were on level 4 of the Dungeon.
You visited 1 branch of the dungeon, and saw 4 of its levels.

You collected 131 gold pieces.

Inventory:

Armour
 a - a +0 robe (worn)
Scrolls
 b - 4 scrolls of teleportation {unknown}
 c - 5 scrolls of identify {unknown}
 e - 2 scrolls of blinking {unknown}
 f - 2 scrolls of vulnerability {unknown}
 h - a scroll of acquirement {unknown}
 l - a scroll of poison {unknown}
 n - a scroll of silence {unknown}
 o - a scroll of summoning {unknown}
 p - 2 scrolls of fear {unknown}
Potions
 d - 3 potions of degeneration {unknown}
 g - 2 potions of heal wounds {unknown}
 i - 2 potions of curing {unknown}
 j - 4 potions of attraction {unknown}
 k - a potion of brilliance {unknown}
 m - a potion of invisibility {unknown}


   Skills:
 - Level 2.1 Dodging
 - Level 1.5 Stealth
 * Level 4.1 Spellcasting


You couldn't memorise any spells.
You knew the following spells:

 Your Spells              Type           Power      Damage    Failure   Level
a - Foxfire               Conj/Fire      76%        2x1d7     2%          1
b - Scorch                Fire           38%        2d6       3%          2
c - Conjure Flame         Conj/Fire      19%        6-21      8%          3
d - Inner Flame           Hex/Fire       19%        N/A       8%          3
e - Flame Wave            Conj/Fire      19%        2d6       24%         4
f - Animate Skeleton      Necr           38%        N/A       2%          1
g - Static Discharge      Conj/Air       19%        N/A       3%          2
Your spell library was empty.

Dungeon Overview and Level Annotations

Branches:
Dungeon (4/15)
 Temple: D:4-7

Altars:
Kikubaaqudgha
Okawaru
Yredelemnul
The Shining One

Shops:
D:1 !   D:3 [

Annotations:
D:3 3 runed translucent doors, Miritol's ghost, amateur TeSu; Necrophagist's ghost, amateur OpTm; Necrophagist's ghost, novice OpTm; anKLM's ghost, weakling DrTm


Innate Abilities, Weirdness & Mutations

You are immune to sickness and miasma.
You are immune to poison.
Your flesh is very heat resistant. (rF++)
You are vulnerable to cold. (rC-)
You float through the air rather than walking.
You learn spells naturally, not from books.
Your magical power is your life essence.
You have superior vitality. (+4 MHP)


Message History

You now have 131 gold pieces (gained 17).
An iguana comes into view.
An iguana is nearby!
An iguana is nearby!
An iguana is nearby!
An iguana is nearby!
The iguana hisses angrily.
Flames lash the iguana.
The iguana is moderately wounded.
The iguana's fire resistance burns away.
The iguana misses you.
Flames lash the iguana.
The iguana is heavily wounded.
The iguana barely misses you.
Flames lash the iguana but do no damage.
The iguana bites you!
An iguana is nearby!
An iguana is nearby!
Flames lash the iguana but do no damage.
The iguana bites you.
You are too injured to fight recklessly!
You are too injured to fight recklessly!
Casting: Scorch (safe; 3% risk of failure)
Confirm with . or Enter, or press ? or * to list all spells.
The iguana is struck by an arc of lightning.
The iguana is severely wounded.
You are struck by an arc of lightning.
* * * LOW HITPOINT WARNING * * *
The lightning grounds out.
* * * LOW HITPOINT WARNING * * *
The iguana bites you but does no damage.
Casting: Static Discharge (safe; 3% risk of failure)
Confirm with . or Enter, or press ? or * to list all spells.
Okay, then.
Casting: Static Discharge (safe; 3% risk of failure)
Confirm with . or Enter, or press ? or * to list all spells.
You conjure some foxfire!
* * * LOW HITPOINT WARNING * * *
The iguana bites you!
You die...

#.# #.#
.. #.#
#. #.#
##. #.#
###..
#.#
#...
#.# #..
#.###l#
#.##v@#
#.##v##
#.##.#
#.##.#
#.##.#
#.#..#
#.#.##
#.#.#
#...#


You could see an iguana (combustible, ally target).

Vanquished Creatures
  2 adders (D:3)
  4 dart slugs
  An orc (D:3)
  3 bat zombies (D:3)
  9 endoplasms
  8 goblins
  9 hobgoblins
  2 quokkas
  5 ball pythons
  6 bats
  4 frilled lizards
  5 kobolds
  3 rats
  A rat zombie (D:3)
62 creatures vanquished.

Vanquished Creatures (others)
  122 foxfires
  2 withered plants (D:3)
124 creatures vanquished.

Grand Total: 186 creatures vanquished

Notes
Turn   | Place    | Note
-------+----------+-------------------------------------------
     0 | D:1      | Bruhh the Djinni Fire Elementalist began the quest for the
                  | Orb.
     0 | D:1      | Reached XP level 1. HP: 15/15 MP: 0/0
   416 | D:1      | Reached XP level 2. HP: 9/21 MP: 0/0
   985 | D:1      | Found Vecuceat's Distillery.
  1141 | D:1      | Reached skill level 3 in Spellcasting
  1340 | D:2      | Found a faded altar of an unknown god.
  1716 | D:2      | Reached XP level 3. HP: 20/25 MP: 0/0
  1716 | D:2      | Learned a level 1 spell: Animate Skeleton
  3155 | D:3      | Reached XP level 4. HP: 19/31 MP: 0/0
  3279 | D:3      | Found an iron altar of Okawaru.
  3309 | D:3      | Found a runed translucent gate.
  3309 | D:3      | Found a runed translucent gate.
  3309 | D:3      | Found a runed translucent gate.
  3310 | D:3      | Noticed Necrophagist's ghost (novice OpTm)
  3311 | D:3      | Noticed Miritol's ghost (amateur TeSu)
  3311 | D:3      | Noticed anKLM's ghost (weakling DrTm)
  3311 | D:3      | Noticed Necrophagist's ghost (amateur OpTm)
  3708 | D:3      | Found a basalt altar of Yredelemnul.
  3731 | D:3      | Reached skill level 4 in Spellcasting
  4180 | D:3      | Found a glowing golden altar of the Shining One.
  4222 | D:3      | Found Heinoam's Antique Armour Boutique.
  4266 | D:3      | Noticed an angel
  4522 | D:4      | Reached XP level 5. HP: 29/35 MP: 0/0
  4522 | D:4      | Learned a level 2 spell: Static Discharge
  4641 | D:4      | Slain by an iguana

Illustrated notes

Levels and vault maps discovered:
D:1:      shiori_arrival_oz, layout_rooms, serial_shops, shop
D:2:      minmay_spotlight, layout_rooms, nicolae_ecumenical_pavilion,
          serial_co_window_serial, co_window_paths_a, co_window_paths_a,
          co_window_paths_b, co_window_of_opportunity_a,
          co_window_of_opportunity_a, co_window_cross_4, co_window_broadway_c,
          co_window_of_opportunity_b, co_window_2corner, co_window_corner_b,
          co_window_4corner_b, glass_columns_b
D:3:      layout_basic, lemuel_zombie_altar_kikubaaqudgha, lemuel_tele_altar,
          grunt_temple_overflow_holy_war, gammafunk_ghost_cemetery,
          serial_shops, nicolae_shop_waterfront, minmay_misc_feat_hallway
D:4:      layout_basic, serial_curves, eino_curves_03, eino_curves_01,
          serial_park_tiny_1

Skill      XL: |  1  2  3  4 |
---------------+-------------+-----
Spellcasting   | 3 4 |  4.1
Dodging        | |  2.1
Stealth        | |  1.5

Action                   |  1- 3 |  4- 6 || total
-------------------------+-------+-------++-------
Melee: Unarmed           |    12 |     2 ||    14
 Cast: Foxfire           |    83 |     1 ||    84
       Scorch            |    20 |    34 ||    54
       Static Discharge  |       |     1 ||     1
Armor: Robe              |     5 |     6 ||    11
Dodge: Dodged            |    16 |    12 ||    28

Table legend: (Time is in decaauts)
 A = Elapsed time spent in this place.
 B = Non-inter-level travel time spent in this place.
 C = Inter-level travel time spent in this place.
 D = Time resting spent in this place.
 E = Time spent auto-exploring this place.
 F = Levels seen in this place.
 G = Mean time per level.
                   A        B        C        D        E       F      G
               +--------+--------+--------+--------+--------+-----+--------+
         Total |   4640 |   4604 |     36 |      0 |   4205 |   4 | 1160.0 |
       Dungeon |   4640 |   4604 |     36 |      0 |   4205 |   4 | 1160.0 |
               +--------+--------+--------+--------+--------+-----+--------+

Top non-repeatable levels by time:
     D:2: 1676 daAuts
     D:1: 1340 daAuts
     D:3: 1300 daAuts
     D:4: 322 daAuts
